 Dungeon Crawl Stone Soup version 0.20-a0-754-g13ddd6e (webtiles) character file.

13321 retryentry the Fighter (level 11, -3/92 HPs)
             Began as a Mummy Fighter on Feb 25, 2017.
             Was an Initiate of Gozag.
             Slain by a manticore (5 damage)
             ... on level 10 of the Dungeon on Feb 26, 2017.
             The game lasted 00:35:10 (15214 turns).

retryentry the Fighter (Mummy Fighter)             Turns: 15214, Time: 00:35:11

Health: -3/92      AC: 18    Str: 28    XL:     11   Next: 74%
Magic:  0/14       EV:  5    Int:  8    God:    Gozag
Gold:   2380       SH: 11    Dex: 14    Spells: 10/10 levels left

rFire    x . .     SeeInvis .   q - +5 whip of Fimbulwinter {slash, rC++ Stlth+}
rCold    + + +     Gourm    .   o - +0 plate armour
rNeg     + + +     Faith    .   c - +0 shield
rPois    ∞         Spirit   +   (no helmet)
rElec    .         Reflect  .   C - +2 cloak
rCorr    .         Harm     .   h - +0 pair of gloves
MR       +....                  b - +0 pair of boots
Stlth    ..........             y - amulet of guardian spirit
Regen    0.3/turn               s - +5 ring of strength (curse)
MPRegen  0.2/turn               g - +3 ring of dexterity

@: barbed spikes
A: no food or potions, fire vulnerability, cold resistance 1, negative energy
resistance 3, torment resistance, unbreathing
a: Potion Petition, Call Merchant, Bribe Branch, Renounce Religion


You were on level 10 of the Dungeon.
You worshipped Gozag.
Gozag was most pleased with you.
You were not hungry.

You visited 3 branches of the dungeon, and saw 15 of its levels.

You collected 2451 gold pieces.
You paid 71 gold pieces to Gozag.

Inventory:

Hand Weapons
 a - a +0 war axe
 q - the +5 whip of Fimbulwinter (weapon) {slash, rC++ Stlth+}
   (You found it on level 5 of the Dungeon)

   It inflicts extra damage upon your enemies.
   It greatly protects you from cold.
   It makes you more stealthy.
Missiles
 z - a throwing net (quivered)
Armour
 b - a +0 pair of boots (worn)
 c - a +0 shield (worn)
 h - a +0 pair of gloves (worn)
 o - a +0 plate armour (worn)
 C - a +2 cloak (worn)
Jewellery
 g - a +3 ring of dexterity (left hand)
 s - a cursed +5 ring of strength (right hand)
 t - an uncursed ring of flight
 y - an amulet of guardian spirit (around neck)
Wands
 k - a wand of lightning (5/15)
 r - a wand of iceblast (7/15)
 u - a wand of confusion (2/48)
 A - a wand of polymorph (2/24)
 B - a wand of digging (10/24)
 D - a wand of lightning (8/15)
Scrolls
 d - 8 scrolls of remove curse
 e - 2 scrolls of blinking {unknown}
 f - 3 scrolls of recharging {unknown}
 i - 3 scrolls of enchant weapon {unknown}
 j - a scroll of fear {unknown}
 l - 4 scrolls of amnesia {unknown}
 m - 4 scrolls of enchant armour {unknown}
 n - 4 scrolls of teleportation
 p - 3 scrolls of immolation {unknown}
 v - a scroll of random uselessness {unknown}
 w - a scroll of magic mapping {unknown}
 x - a scroll of silence {unknown}
 E - 2 scrolls of identify


   Skills:
 * Level 10.7 Fighting
 + Level 10.4 Axes
 + Level 5.4 Armour
 + Level 5.4 Shields
 * Level 5.3 Evocations


You had 10 spell levels left.
You didn't know any spells.

Dungeon Overview and Level Annotations

Branches:
Dungeon (11/15)            Temple (1/1) D:4            Lair (3/6) D:9
  Swamp: Lair:2-4    Shoals: Lair:2-4     Snake: Lair:2-4    Spider: Lair:2-4
    Orc: D:9-12

Altars:
Ashenzari
Cheibriados
Dithmenos
Gozag
Makhleb
Qazlal
Uskayaw
Vehumet
Wu Jian

Shops:
D:6 (*   D:7 }   D:9 **   D:10 (

Portals:
Trove: D:10 (give sceptre of Torment)

Annotations:
D:3 Sigmund
D:8 Prince Ribbit
Lair:2 Fannar, Harold


Innate Abilities, Weirdness & Mutations

You do not eat or drink.
Your flesh is vulnerable to fire.
You are immune to poison.
Your flesh is cold resistant. (rC+)
You are immune to negative energy. (rN+++)
You are immune to unholy pain and torment.
You can survive without breathing.


Message History

Press: ? - help, Shift-Dir - straight line, f/p - manticore
Aim: a manticore (severely wounded)
You hear a mighty clap of thunder!
The bolt of lightning hits the manticore.
The manticore is almost dead.
This wand has 6 charges left.
The manticore bites you!
* * * LOW HITPOINT WARNING * * *
You block the manticore's attack. x2
Unknown command.
Evoke which item? (* to show all) (? for menu, Esc to quit)
Aiming: Lightning Bolt
Press: ? - help, Shift-Dir - straight line, f/p - manticore
Aim: a manticore (almost dead)
You hear a mighty clap of thunder!
The bolt of lightning misses the manticore.
This wand has 5 charges left.
The manticore barely misses you.
The manticore claws you but does no damage.
The manticore claws you.
You die...
Your body crumbles into a pile of gold.

.......# #.......# #........
.####### ####'#### #........ .##
#..## #........ ..## ##..###
########' #..# ##...# #.<......
##.# ##########'## #.#######
##'#### #...........# ##'#######
......# #.......H...# #.........
......# #..[...@....###.........
......####...>.......'.'.........
......##.'...........###.........
......#..#...........# #.........
..<...'.############## #.........
......### ########## #######


You could see a manticore.

Vanquished Creatures
  A centaur warrior (D:11)
  2 two-headed ogres
  A black mamba (Lair:2)
  2 spiny frogs (Lair:1)
  A gargoyle (D:10)
  A rime drake (Lair:2)
  3 komodo dragons
  Grinder (D:3)
  A hippogriff (D:4)
  A hog (D:10)
  13 yaks
  A steam dragon (Lair:2)
  Edmund (D:2)
  A porcupine (Lair:1)
  4 water moccasins
  5 orc warriors
  4 sky beasts
  2 black bears
  2 ice beasts
  2 phantoms
  4 ogres
  3 wolves (Lair:1)
  10 centaurs
  2 crocodiles
  5 bullfrogs
  A gnoll sergeant (D:11)
  A water moccasin zombie (D:9)
  3 scorpions
  3 wights
  15 killer bees
  3 crimson imps
  4 hounds
  11 orc priests
  A gnoll shaman (D:8)
  4 jellies
  A bullfrog skeleton (D:9)
  5 iguanas
  Natasha (thrice) (D:3)
  9 orc wizards
  11 worker ants
  4 hound zombies
  2 hound skeletons
  A worker ant zombie (D:6)
  14 gnolls
  16 adders
  4 shadow imps
  3 adder skeletons
  A dart slug (D:2)
  2 worms (D:3)
  3 leopard geckos
  33 orcs
  7 giant cockroaches
  8 goblins
  3 hobgoblins
  18 jackals
  A quokka (D:2)
  11 bats
  4 frilled lizards
  A giant cockroach zombie (D:5)
  8 kobolds
  A leopard gecko skeleton (D:5)
  A quokka skeleton (D:5)
  4 rats
298 creatures vanquished.

Vanquished Creatures (others)
  A fungus (Lair:1)
1 creature vanquished.

Grand Total: 299 creatures vanquished

Notes
Turn   | Place    | Note
-------+----------+-------------------------------------------
     0 | D:1      | retryentry the Mummy Fighter began the quest for the Orb.
     0 | D:1      | Reached XP level 1. HP: 18/18 MP: 1/1
   322 | D:1      | Reached XP level 2. HP: 23/24 MP: 2/2
  1037 | D:2      | HP: 1/24 [orc/trident (4)]
  1038 | D:2      | Reached XP level 3. HP: 1/29 MP: 3/3
  1441 | D:2      | Reached XP level 4. HP: 27/35 MP: 4/4
  1844 | D:3      | Noticed Sigmund
  1945 | D:3      | Noticed Natasha
  1994 | D:3      | Noticed Grinder
  2002 | D:3      | Killed Natasha
  2005 | D:3      | Reached XP level 5. HP: 30/41 MP: 5/5
  2023 | D:3      | Paralysed by Grinder for 3 turns
  2029 | D:3      | Killed Grinder
  2029 | D:3      | Reached skill level 5 in Axes
  2029 | D:3      | Reached XP level 6. HP: 31/47 MP: 6/6
  2329 | D:4      | Noticed a hippogriff
  2628 | D:4      | Noticed Edmund
  2656 | D:3      | Noticed Natasha
  2662 | D:3      | Killed Natasha
  3021 | D:4      | Reached XP level 7. HP: 15/52 MP: 7/7
  3518 | D:4      | Killed a hippogriff
  3557 | D:4      | Found a staircase to the Ecumenical Temple.
  3565 | D:4      | You fall through a shaft!
  3565 | D:5      | Entered Level 5 of the Dungeon
  3928 | Temple   | Entered the Ecumenical Temple
  3937 | Temple   | Became a worshipper of Gozag Ym Sagoz the Greedy
  4809 | D:3      | Noticed Natasha
  4819 | D:3      | Killed Natasha
  4868 | D:5      | Got an ivory whip
  4869 | D:5      | Identified the +5 whip of Fimbulwinter {slash, rC++ Stlth+} (You found it on level 5 of the Dungeon)
  5170 | D:2      | Killed Edmund
  5170 | D:2      | Reached XP level 8. HP: 43/58 MP: 8/8
  5515 | D:5      | Reached skill level 1 in Evocations
  5858 | D:6      | Found a shattered altar of Ashenzari.
  6217 | D:6      | Found Ibbeg's Antique Weapon Boutique.
  6279 | D:6      | Found Jioschot's Assorted Antiques.
  6399 | D:7      | Reached XP level 9. HP: 37/65 MP: 10/10
  6623 | D:7      | Found Zacsuf's Quality Used Wands.
  7441 | D:6      | Reached skill level 5 in Fighting
  7441 | D:6      | Reached skill level 10 in Axes
  7539 | D:7      | Found a hide-covered altar of Uskayaw.
  8104 | D:8      | Noticed Prince Ribbit
  8352 | D:8      | Noticed a two-headed ogre
  8362 | D:8      | Killed a two-headed ogre
  8577 | D:8      | Reached XP level 10. HP: 53/77 MP: 7/12
  9239 | D:9      | Found Fin Ollo's Assorted Antiques.
  9555 | D:9      | Found a staircase to the Lair.
  9621 | D:9      | Noticed a two-headed ogre
  9650 | D:9      | Killed a two-headed ogre
  9810 | D:9      | Found Xeegh's Elemental Accessories.
 10471 | D:10     | Entered Level 10 of the Dungeon
 10543 | D:10     | Found a portal to a secret trove of treasure.
 10680 | D:10     | Found Waffept's Antique Weapon Shoppe.
 10954 | D:10     | Noticed a gargoyle
 10965 | D:10     | Killed a gargoyle
 11123 | D:11     | Noticed Sonja
 11130 | D:11     | Noticed Sonja
 11130 | D:11     | Sonja changed into Sonja the hog
 11139 | D:10     | Killed Sonja the hog
 11999 | D:10     | Reached XP level 11. HP: 71/89 MP: 11/14
 12480 | D:11     | Noticed a centaur warrior
 12501 | D:11     | Killed a centaur warrior
 12581 | D:11     | Found an ornate altar of the Wu Jian Council.
 12901 | Lair:1   | Entered Level 1 of the Lair of Beasts
 13064 | Lair:1   | Reached skill level 10 in Fighting
 13076 | Lair:1   | Got a dazzling ring mail
 13098 | Lair:1   | Identified the +0 ring mail of Fun {Int+6} (You found it on level 1 of the Lair of Beasts)
 13863 | Lair:2   | Reached skill level 5 in Shields
 13863 | Lair:2   | Reached skill level 5 in Evocations
 14267 | Lair:2   | Reached skill level 5 in Armour
 14630 | Lair:2   | Noticed Fannar
 14697 | Lair:2   | Noticed Harold
 15213 | D:10     | HP: 2/92 [manticore (10)]
 15214 | D:10     | Slain by a manticore

Vault maps used:
D:1:      minmay_arrival_nine_rooms
D:2:      first_bread, minmay_unequal
D:3:      uniq_natasha, uniq_sigmund, uniq_grinder
D:4:      minmay_temple_entry_statues_pillars, serial_co_window_serial,
          co_window_paths_a, co_window_paths_a, co_window_of_opportunity_a,
          co_window_corner_a, co_window_paths_a, co_window_unsneaky_path_a,
          co_window_paths_c, co_window_corner_b, glass_columns_b,
          glass_columns_a, glass_columns_a, uniq_edmund
D:5:      kennysheep_opposing_triangles
D:6:      nicolae_ashenzari_panopticon, serial_shops, kennysheep_little_box,
          nicolae_shop_crystal
D:7:      basic_altar, grunt_ogre_cave, nicolae_for_you_no_charge
D:8:      uniq_prince_ribbit1
D:9:      lair_entry_dummy, serial_shops, shop, nicolae_elemental_shop
D:10:     enter_trove_2, serial_shops, shop_fountains
D:11:     lemuel_upstairs_altar, basic_altar, uniq_sonja
Temple:   nicolae_temple_the_god_donut
Lair:2:   uniq_harold, uniq_fannar
Lair:3:   minmay_shoals_entry_beasts, basic_altar, beast_lair_carwin_10,
          grunt_megastairs_1, infiniplex_staircase_pool_2

Skill      XL: |  1  2  3  4  5  6  7  8  9 10 11 |
---------------+----------------------------------+-----
Axes           | 2 3 4 5 6 8 9 10 | 10.4
Evocations     | 2 3 4 5 |  5.3
Fighting       | 4 6 9 10 | 10.7
Shields        | 4 5 |  5.4
Armour         | 3 5 |  5.4

Action                   |  1- 3 |  4- 6 |  7- 9 | 10-12 || total
-------------------------+-------+-------+-------+-------++-------
Melee: War axe           |   141 |   147 |   103 |       ||   391
       Whip              |       |       |   510 |   761 ||  1271
Evoke: Wand              |       |    17 |    10 |    15 ||    42
  Use: Scroll            |       |     2 |     3 |     3 ||     8
 Stab: Confused          |       |       |       |     2 ||     2
       Distracted        |       |       |       |     3 ||     3
Armor: Scale mail        |    68 |    45 |       |       ||   113
       Plate armour      |       |    35 |   319 |   340 ||   694
Dodge: Dodged            |    53 |    54 |    72 |   111 ||   290
Block: Shield            |    70 |    92 |   256 |   342 ||   760
